 Dungeon Crawl Stone Soup version 0.29-a0-275-g389c0b56f3 (webtiles) character file.

Game seed: 15146285152312186373

158 siradein the Quickloader (level 5, -12/27 (30) HPs)
             Began as a Kobold Hunter on Mar 10, 2022.
             Killed by divine providence
             ... invoked by an orc priest
              (13 damage)
             ... on level 3 of the Dungeon.
             The game lasted 00:06:20 (2892 turns).

siradein the Quickloader (Kobold Hunter)            Turns: 2892, Time: 00:06:21

HP:   -12/27 (30)   AC:  3    Str:  9    XL:     5   Next: 66%
MP:   5/5           EV: 13    Int: 13    God:
Gold: 98            SH:  4    Dex: 17    Spells: 4/4 levels left

rFire   . . .      SeeInvis .   a - +1 hand crossbow
rCold   . . .      Faith    .   h - +0 buckler
rNeg    . . .      Spirit   .   b - +0 leather armour
rPois   +          Reflect  .   (no helmet)
rElec   .          Harm     .   (no cloak)
rCorr   .          Rampage  .   (no gloves)
Will    .....                   (no boots)
Stlth   +++.......              (no amulet)
HPRegen 0.09/turn               l - ring of poison resistance
MPRegen 0.09/turn               (no ring)

@: flying, heavily drained
A: small, no large weapons, nightstalker 3
a: no special abilities


You were on level 3 of the Dungeon.
You visited 1 branch of the dungeon, and saw 3 of its levels.

You collected 98 gold pieces.

Inventory:

Hand Weapons
 a - a +1 hand crossbow (weapon)
Armour
 b - a +0 leather armour (worn)
 h - a +0 buckler (worn)
Jewellery
 l - a ring of poison resistance (left hand)
 o - a +4 ring of evasion
Scrolls
 c - a scroll of immolation
 d - a scroll of vulnerability {unknown}
 g - a scroll of noise {unknown}
 j - 3 scrolls of identify {unknown}
 n - a scroll of blinking {unknown}
Potions
 e - a potion of magic {unknown}
 f - a potion of flight
 i - a potion of ambrosia {unknown}
 k - a potion of lignification {unknown}
 m - a potion of might {unknown}


   Skills:
 - Level 2.1 Fighting
 + Level 8.6 Crossbows
 - Level 2.4 Dodging
 - Level 1.3 Stealth


You had 4 spell levels left.
You didn't know any spells.
Your spell library contained the following spells:

 Spells                   Type           Power      Damage    Failure   Level
 Fireball                 Conj/Fire      0%         3d3       100%        5
 Iskenderun's Battlesphe  Conj           0%         2d6       100%        5
 Conjure Ball Lightning   Conj/Air       0%         3x3d6     100%        6
 Orb of Destruction       Conj           0%         9d5       100%        7


Dungeon Overview and Level Annotations

Branches:
Dungeon (3/15)

Altars:
Kikubaaqudgha
Xom
Zin

Annotations:
D:3 Ijyb, Sigmund


Innate Abilities, Weirdness & Mutations

You are small and have problems with some larger weapons.
You are completely attuned to the shadows.


Message History

The orc priest completely misses you.
Shoot: a) +1 hand crossbow
Press: ? - help, Q - select action Shift-Dir - straight line, f/p - orc priest
Aim: an orc priest, wielding a +1 mace of draining and wearing a +0 chain mail (heavily wounded, 73% to hit)
You shoot a bolt. The bolt hits the orc priest.
The orc priest is heavily wounded.
The orc priest misses you.
Shoot: a) +1 hand crossbow
Press: ? - help, Q - select action Shift-Dir - straight line, f/p - orc priest
Aim: an orc priest, wielding a +1 mace of draining and wearing a +0 chain mail (heavily wounded, 73% to hit)
You shoot a bolt.
The bolt hits the orc priest but does no damage.
The orc priest is heavily wounded.
The orc priest calls down the wrath of Beogh upon you.
Beogh smites you!
* * * LOW HITPOINT WARNING * * *
You hear a shout!
Shoot: a) +1 hand crossbow
Press: ? - help, Q - select action Shift-Dir - straight line, f/p - orc priest
Aim: an orc priest, wielding a +1 mace of draining and wearing a +0 chain mail (heavily wounded, 73% to hit)
You shoot a bolt.
The bolt hits the orc priest but does no damage.
The orc priest is heavily wounded.
The orc priest completely misses you. The orc priest misses you.
Shoot: a) +1 hand crossbow
Press: ? - help, Q - select action Shift-Dir - straight line, f/p - orc priest
Aim: an orc priest, wielding a +1 mace of draining and wearing a +0 chain mail (heavily wounded, 73% to hit)
You shoot a bolt. The bolt closely misses the orc priest.
An orc wizard comes into view. It is wielding a +0 dagger.
The orc priest begins to cast a cantrip, but forgets the words!
It was a potion of flight.
You feel very buoyant.
You fly up into the air.
The orc priest hits you with a +1 mace of draining.
* * * LOW HITPOINT WARNING * * *
You feel drained.
* * * LOW HITPOINT WARNING * * *
The orc priest calls down the wrath of Beogh upon you.
Beogh smites you!
You die...

... #)# ##.####
#...... #.o# #.o#
#..# #.@# #..######
#.......# #
#.#####.# # #.# #.#
###### #.# ##.##.#
#..... #.####...#.#
#.#### #......#...#
#.# #
######...#####.####


You could see an orc priest and an orc wizard.

Vanquished Creatures
  A scorpion (D:3)
  3 adders (D:3)
  2 worms (D:3)
  A dart slug (D:3)
  7 orcs (D:3)
  5 endoplasms
  11 goblins
  7 hobgoblins
  3 jackals (D:3)
  3 kobolds
  6 ball pythons
  6 bats
  4 rats
59 creatures vanquished.

Notes
Turn   | Place    | Note
-------+----------+-------------------------------------------
     0 | D:1      | siradein the Kobold Hunter began the quest for the Orb.
     0 | D:1      | Reached XP level 1. HP: 12/12 MP: 1/1
   321 | D:1      | Reached XP level 2. HP: 17/17 MP: 2/2
   342 | D:1      | Reached skill level 6 in Crossbows
  1179 | D:2      | Reached XP level 3. HP: 21/21 MP: 3/3
  1354 | D:2      | Found a faded altar of an unknown god.
  1997 | D:3      | Found a glowing silver altar of Zin.
  2091 | D:3      | Reached skill level 7 in Crossbows
  2100 | D:3      | Found an ancient bone altar of Kikubaaqudgha.
  2104 | D:3      | Noticed a scorpion
  2111 | D:3      | Reached XP level 4. HP: 26/26 MP: 4/4
  2115 | D:3      | Killed a scorpion
  2116 | D:3      | Reached XP level 5. HP: 30/30 MP: 5/5
  2140 | D:3      | Reached skill level 8 in Crossbows
  2187 | D:3      | Noticed Ijyb
  2428 | D:3      | Found a shimmering altar of Xom.
  2728 | D:3      | Noticed Sigmund
  2890 | D:3      | HP: 1/27 [orc priest/+1 mace of draining (1)]
  2892 | D:3      | Killed from afar by an orc priest

Illustrated notes

Levels and vault maps discovered:
D:1:      nzn_arrival_crosshair, layout_loops_ring
D:2:      layout_basic, hellmonk_ecumenical_altar_arch_garden,
          minmay_misc_feat_diagonals
D:3:      layout_loops_ring, general_overflow_altar,
          mainiacjoe_overflow_catwalk_spiral, minmay_misc_feat_columns,
          uniq_ijyb, uniq_crazy_yiuf_cottage, uniq_sigmund

Skill      XL: |  1  2  3  4  5 |
---------------+----------------+-----
Crossbows      | 6 7 8 |  8.6
Fighting       | |  2.1
Dodging        | |  2.4
Stealth        | |  1.3

Action                   |  1- 3 |  4- 6 || total
-------------------------+-------+-------++-------
 Fire: Hand crossbow     |    83 |    86 ||   169
  Use: Potion            |       |     1 ||     1
Armor: Leather armour    |     7 |     5 ||    12
Dodge: Dodged            |    17 |    31 ||    48
Block: Buckler           |     4 |     8 ||    12

Table legend: (Time is in decaauts)
 A = Elapsed time spent in this place.
 B = Non-inter-level travel time spent in this place.
 C = Inter-level travel time spent in this place.
 D = Time resting spent in this place.
 E = Time spent auto-exploring this place.
 F = Levels seen in this place.
 G = Mean time per level.
                   A        B        C        D        E       F      G
               +--------+--------+--------+--------+--------+-----+--------+
         Total |   2921 |   2864 |     57 |    108 |   2364 |   3 |  973.7 |
       Dungeon |   2921 |   2864 |     57 |    108 |   2364 |   3 |  973.7 |
               +--------+--------+--------+--------+--------+-----+--------+

Top non-repeatable levels by time:
     D:2: 1143 daAuts
     D:3: 915 daAuts
     D:1: 863 daAuts
